 Dungeon Crawl Stone Soup version 0.15.0-11-g6f4f891 (webtiles) character file.

1778 Kashira the Magician (level 9, -1/74 HPs)
             Began as a Naga Enchanter on Aug 31, 2014.
             Was a Follower of Qazlal.
             Slain by a mummy (17 damage)
             ... in an ossuary.
             The game lasted 00:52:19 (8265 turns).

Kashira the Magician (Naga Enchanter)               Turns: 8265, Time: 00:52:19

HP  -1/74        AC 10     Str 10      XL: 9   Next:  8%
MP   3/23        EV 10     Int 17      God: Qazlal [*.....]
Gold 353         SH  1     Dex 14      Spells:  6 memorised,  5 levels left

rFire  . . .     SeeInvis +     A - +2 quarterstaff (chaos)
rCold  . . .     Clarity  .     r - +0 leather armour (curse)
rNeg   . . .     rCorr    .     (no shield)
rPois  +         rRot     .     o - +0 helmet (curse)
rElec  .         Spirit   .     B - +2 cloak {MR+}
SustAb .         Warding  .     i - +0 pair of gloves (curse)
rMut   .         Stasis   .     (no barding)
Gourm  .                        F - amulet of rage
MR     ++...                    a - cursed ring of loudness
                                J - cursed ring of flight

@: drained, very slow, very resistant to hostile enchantments, unstealthy
A: spit poison, see invisible, deformed body, poison resistance, slowness 2, AC
+3
a: Spit Poison, Renounce Religion, Evoke Berserk Rage, Evoke Flight


You were in an ossuary.
You worshipped Qazlal.
Qazlal was aware of your devotion.
You were not hungry.

You visited 2 branches of the dungeon, and saw 9 of its levels.
You also visited: Sewer and Ossuary.

You collected 353 gold pieces.

Inventory:

Hand weapons
 j - a +2 spear of venom
 A - a +2 quarterstaff of chaos (weapon)
 K - a cursed +0 shortbow
Missiles
 k - a stone (quivered)
 L - 8 arrows
Armour
 i - a cursed +0 pair of gloves (worn)
 o - a cursed +0 helmet (worn)
 r - a cursed +0 leather armour (worn)
 B - a +2 cloak of magic resistance (worn)
Magical devices
 h - a wand of slowing (14)
 n - a wand of polymorph (19)
 D - a wand of frost (0)
 G - a wand of polymorph (12)
 I - a wand of frost (8)
Comestibles
 d - a bread ration
 l - a royal jelly
 x - 2 fruits
Scrolls
 u - a scroll of random uselessness
 y - 2 scrolls of identify
Jewellery
 a - a cursed ring of loudness (right hand)
 g - an uncursed amulet of the gourmand
 w - a cursed ring of magical power
 F - an amulet of rage (around neck)
 J - a cursed ring of flight (left hand)
Potions
 e - 2 potions of might {unknown}
 f - 5 potions of curing
 m - 2 potions of poison
 p - 2 potions of restore abilities
 s - a potion of agility {unknown}
 t - a potion of lignification {unknown}
 H - a potion of degeneration {unknown}
Books
 c - a book of Maledictions

   Spells                             Type                      Level
   Corona                             Hexes                        1
   *Sure Blade                        Hexes/Charms                 2
   Ensorcelled Hibernation            Hexes/Ice                    2
   *Confuse                           Hexes                        3
   *Dazzling Spray                    Conjuration/Hexes            3
   *Enslavement                       Hexes                        4
 v - a book of Conjurations

   Spells                             Type                      Level
   Magic Dart                         Conjuration                  1
   *Searing Ray                       Conjuration                  2
   *Dazzling Spray                    Conjuration/Hexes            3
   Fulminant Prism                    Conjuration/Hexes            4
   Iskenderun's Mystic Blast          Conjuration                  4
   Iskenderun's Battlesphere          Conjuration/Charms           5
 z - a book of Necromancy

   Spells                             Type                      Level
   Pain                               Necromancy                   1
   *Animate Skeleton                  Necromancy                   1
   Vampiric Draining                  Necromancy                   3
   Regeneration                       Charms/Necromancy            3
   Animate Dead                       Necromancy                   4
   Control Undead                     Necromancy                   4


   Skills:
 + Level 2.6(2.4) Fighting
   Level 1.2(1.0) Short Blades
 + Level 1.6(2.0) Polearms
 + Level 2.2(2.3) Staves
 + Level 2.3(2.1) Armour
 + Level 3.4(3.2) Dodging
 - Level 6.0(5.8) Stealth
 + Level 6.2(6.0) Spellcasting
 + Level 1.3(1.1) Conjurations
 + Level 6.2(6.0) Hexes
 + Level 0.8(0.6) Charms
 + Level 0.2(0.0) Necromancy
 + Level 0.2(0.0) Evocations


You had 5 spell levels left.
You knew the following spells:

 Your Spells              Type           Power        Failure   Level  Hunger
a - Dazzling Spray        Conj/Hex       ###.....     10%         3    ##.....
b - Sure Blade            Hex/Chrm       ###.......   6%          2    None
c - Confuse               Hex            ####....     3%          3    ##.....
d - Enslavement           Hex            ####....     12%         4    ####...
e - Searing Ray           Conj           #.....       14%         2    None
f - Animate Skeleton      Necr           N/A          14%         1    None


Dungeon Overview and Level Annotations

Branches:
Dungeon (8/15)             Temple (1/1) D:6
   Lair: D:8-11

Altars:
Dithmenos
Elyvilon
Fedhas
Makhleb
Nemelex Xobeh
Qazlal
Trog
Vehumet
Yredelemnul
Zin

Portals:
Bailey: D:8

Annotations:
D:6 EasyFool's ghost, experienced DrGl


Innate Abilities, Weirdness & Mutations

You cannot wear boots.
You can spit poison.
Your serpentine skin is tough (AC +3).
You have supernaturally acute eyesight.
Armour fits poorly on your strangely shaped body.
Your system is resistant to poisons.
You cover ground very slowly.


Message History

You sock the mummy!
The mummy convulses.
The mummy is severely damaged.
The mummy barely misses you.
You thump the mummy!
You destroy the mummy!
Qazlal accepts your kill.
You feel nervous for a moment...
Your +0 helmet glows black for a moment.
Use which ability? (? or * to list)
Press: ? - help, Shift-Dir - straight line, f - mummy
Aim: a mummy The splash of poison hits the mummy.
The mummy completely resists.
You feel slightly more hungry. The mummy hits you!
* * * LOW HITPOINT WARNING * * *
The mummy closely misses you.
A mummy comes into view.
You have got your breath back.
A kobold zombie comes into view.
The mummy hits you!
You die...

#..#
.##....##.
............
..............
............
#Z.......#
#......#
#.M..# #.@..#
#..M.# #....#
#....# #....#
#....# #....#
#.∩∩.# ######


You could see 2 mummies and a kobold zombie.

Vanquished Creatures
  A black bear (D:6)
  An ogre (D:4)
  3 phantoms
  A centaur (D:7)
  An ice beast (D:6)
  3 giant frogs
  2 big kobolds
  Blork the orc (D:7)
  2 scorpions (D:5)
  A crimson imp (D:5)
  Crazy Yiuf (D:2)
  An iguana (D:4)
  2 orc wizards
  3 worker ants
  A big kobold zombie (Ossuary)
  Ijyb (D:2)
  6 mummies
  6 gnolls
  4 green rats
  9 adders
  3 worms
  An adder skeleton (D:4)
  An adder zombie (D:6)
  2 giant geckos
  An ooze (D:4)
  13 orcs
  10 bats
  9 giant cockroaches
  19 goblins
  6 hobgoblins
  15 kobolds
  8 quokkas
  A giant gecko skeleton (D:4)
  6 giant newts
  2 giant spores
  3 hobgoblin zombies (Ossuary)
  16 jackals
  A kobold zombie (Ossuary)
  3 orc zombies
  19 rats
  A rat skeleton (D:6)
  A ballistomycete (D:6)
191 creatures vanquished.

Vanquished Creatures (others)
  A jelly (D:5)
  A centaur skeleton (D:7)
  A giant frog skeleton (D:7)
  A giant spore (D:6)
  A hobgoblin skeleton (D:7)
5 creatures vanquished.

Grand Total: 196 creatures vanquished

Notes
Turn   | Place    | Note
--------------------------------------------------------------
     0 | D:1      | Kashira, the Naga Enchanter, began the quest for the Orb.
     0 | D:1      | Reached XP level 1. HP: 15/15 MP: 3/3
   261 | D:1      | Reached XP level 2. HP: 22/22 MP: 4/4
   269 | D:1      | Learned a level 2 spell: Sure Blade
  1056 | D:2      | Reached XP level 3. HP: 21/28 MP: 6/6
  1375 | D:2      | Noticed Ijyb
  1386 | D:2      | Killed Ijyb
  1393 | D:2      | Learned a level 3 spell: Confuse
  1402 | D:2      | Reached XP level 4. HP: 29/36 MP: 8/8
  1734 | D:2      | Noticed Crazy Yiuf
  2228 | D:3      | Reached XP level 5. HP: 34/43 MP: 10/10
  2479 | D:3      | Reached skill level 1 in Fighting
  2857 | D:3      | Reached skill level 5 in Stealth
  3018 | D:4      | Found a glowing drain.
  3073 | Sewer    | Entered a sewer
  3089 | Sewer    | Reached skill level 1 in Polearms
  3089 | Sewer    | Reached skill level 1 in Armour
  3146 | Sewer    | Reached XP level 6. HP: 37/51 MP: 13/13
  3181 | Sewer    | Found a white marble altar of Elyvilon.
  3349 | D:4      | Learned a level 3 spell: Dazzling Spray
  3361 | D:4      | Found a sparkling altar of Nemelex Xobeh.
  3570 | D:4      | Noticed an ogre
  3579 | D:4      | Killed an ogre
  4154 | D:4      | Reached XP level 7. HP: 49/57 MP: 15/15
  4162 | D:4      | Learned a level 4 spell: Enslavement
  4382 | D:4      | Reached skill level 6 in Stealth
  4498 | D:5      | Entered Level 5 of the Dungeon
  4676 | D:2      | Killed Crazy Yiuf
  5539 | D:5      | Reached XP level 8. HP: 67/67 MP: 19/19
  5655 | D:5      | Found a stormy altar of Qazlal.
  5663 | D:5      | Found a blossoming altar of Fedhas.
  5665 | D:5      | Became a worshipper of Qazlal Stormbringer
  5753 | D:5      | Found a shadowy altar of Dithmenos.
  5839 | D:5      | Found a burning altar of Makhleb.
  5839 | D:5      | Found a radiant altar of Vehumet.
  5844 | D:5      | Reached skill level 1 in Staves
  5844 | D:5      | Reached skill level 5 in Hexes
  6058 | D:6      | Noticed EasyFool's ghost (experienced DrGl)
  6121 | D:6      | Reached skill level 5 in Spellcasting
  6372 | D:6      | Found a bloodstained altar of Trog.
  6399 | D:6      | Found a white marble altar of Elyvilon.
  6683 | D:6      | HP: 3/68 [EasyFool's ghost (16)]
  6707 | D:6      | Found a staircase to the Ecumenical Temple.
  6720 | Temple   | Entered the Ecumenical Temple
  6724 | Temple   | Learned a level 2 spell: Searing Ray
  7230 | D:7      | Noticed Blork the orc
  7594 | D:7      | Learned a level 1 spell: Animate Skeleton
  7892 | D:7      | Killed Blork the orc
  7892 | D:7      | Reached skill level 1 in Conjurations
  7908 | D:7      | Acquired Qazlal's first power
  7928 | D:7      | Reached XP level 9. HP: 55/74 MP: 4/22
  8133 | D:8      | Found a flagged portal.
  8200 | D:8      | Found a sand-covered staircase.
  8206 | Ossuary  | Entered an ossuary
  8265 | Ossuary  | Slain by a mummy

Action                   |  1- 3 |  4- 6 |  7- 9 || total
-------------------------+-------+-------+-------++-------
Melee: Dagger            |    44 |       |       ||    44
       Spear             |     9 |   180 |    35 ||   224
       Quarterstaff      |       |       |   150 ||   150
Throw: Stone             |       |     1 |       ||     1
 Cast: Corona            |    12 |     3 |       ||    15
       Sure Blade        |     6 |       |       ||     6
       Confuse           |       |    32 |    58 ||    90
       Dazzling Spray    |       |       |    54 ||    54
       Animate Skeleton  |       |       |     3 ||     3
 Abil: Spit Poison       |    31 |    80 |    67 ||   178
Evoke: Wand              |       |       |     2 ||     2
  Use: Scroll            |       |     5 |     6 ||    11
       Potion            |       |     5 |     3 ||     8
 Stab: Confused          |       |    11 |     9 ||    20
       Sleeping          |       |     2 |     2 ||     4
       Paralysed         |       |       |     3 ||     3
       Invisible         |       |       |     1 ||     1
  Eat: Chunk             |     3 |    16 |    15 ||    34
       Meat ration       |       |     1 |       ||     1
       Beef jerky        |       |       |     2 ||     2
       Bread ration      |       |       |     2 ||     2
       Pizza             |       |       |     1 ||     1
